 Dungeon Crawl Stone Soup version 0.20-a0-1109-ge3cd172 (webtiles) character file.

161 wolfsongas the Chopper (level 5, -5/41 HPs)
             Began as a Demonspawn Fighter on May 5, 2017.
             Killed by divine providence
             ... invoked by an orc priest
              (9 damage)
             ... on level 3 of the Dungeon.
             The game lasted 00:06:05 (1980 turns).

wolfsongas the Chopper (Demonspawn Fighter)         Turns: 1980, Time: 00:06:06

Health: -5/41      AC:  8    Str: 17    XL:     5   Next: 19%
Magic:  5/5        EV:  7    Int: 10    God:    Xom [......]
Gold:   144        SH: 13    Dex: 12    Spells: 4/4 levels left

rFire    . . .     SeeInvis .   a - +0 war axe
rCold    . . .     Gourm    .   c - +0 shield
rNeg     . . .     Faith    .   b - +0 scale mail
rPois    .         Spirit   .   h - +1 helmet
rElec    .         Reflect  +   (no cloak)
rCorr    .         Harm     .   (no gloves)
MR       +....                  (no boots)
Stlth    ..........             j - +5 amulet of reflection
Regen    0.2/turn               m - ring of protection from magic
MPRegen  0.1/turn               (no ring)

@: no status effects
A: claws 2, powered by death 1
a: Renounce Religion


You were on level 3 of the Dungeon.
You worshipped Xom.
You were a very special plaything of Xom.
You were not hungry.

You visited 1 branch of the dungeon, and saw 3 of its levels.

You collected 144 gold pieces.

Inventory:

Hand Weapons
 a - a +0 war axe (weapon)
Armour
 b - a +0 scale mail (worn)
 c - a +0 shield (worn)
 h - a +1 helmet (worn)
Jewellery
 g - an uncursed amulet of guardian spirit
 j - a +5 amulet of reflection (around neck)
 m - a ring of protection from magic (left claw)
Scrolls
 e - 2 scrolls of teleportation
 i - a scroll of magic mapping
Potions
 d - a potion of lignification {unknown}
 n - a potion of brilliance
Books
 k - a book of Misfortune

   Spells                             Type                      Level
   a - Confusing Touch                Hexes                        1
   b - Confuse                        Hexes                        3
   c - Gell's Gravitas                Translocation                3
   d - Petrify                        Transmutation/Earth          4
   e - Metabolic Englaciation         Hexes/Ice                    5
   f - Yara's Violent Unravelling     Hexes/Transmutation          5
Comestibles
 f - a bread ration


   Skills:
 - Level 3.0 Fighting
 * Level 4.6 Axes
 - Level 2.6 Armour
 + Level 1.2 Dodging
 - Level 2.7 Shields


You had 4 spell levels left.
You didn't know any spells.

Dungeon Overview and Level Annotations

Branches:
Dungeon (3/15)

Altars:
Elyvilon
Okawaru
Ru
Xom
The Shining One


Innate Abilities, Weirdness & Mutations

You have very sharp fingernails.
You regenerate a little health from kills.


Message History

You hit the orc wizard but do no damage.
The orc wizard is heavily wounded.
The orc wizard hits you but does no damage.
The orc priest calls upon Beogh to heal the orc wizard.
The orc wizard is healed somewhat.
You slash the orc wizard!
The orc wizard is almost dead.
The orc priest mumbles some strange prayers to Beogh against you.
Beogh smites you!
* * * LOW HITPOINT WARNING * * *
You emit a cloud of colourful smoke!
The orc wizard gestures wildly while chanting.
The orc wizard flickers and vanishes!
Deactivating autopickup; reactivate with Ctrl-A.
You miss something. You closely miss the orc priest.
Something hits you but does no damage.
The orc priest calls down the wrath of Beogh upon you.
Beogh smites you!
You die...
Xom giggles madly!

##.........###
####...####.. #
#####_##..... #.
#...###†...##
###..##...)..).#.#
..........)..#...#
######.##.########
#######.##.........
#{@§§§..###########
#o#####.# #o #.# *
** #. #.# , #. ###
#. #$ #.


You could see an orc priest and an orc.

Vanquished Creatures
  An orc wizard (D:3)
  Terence (D:3)
  4 adders
  2 oozes (D:2)
  A worm (D:3)
  A dart slug (D:2)
  A leopard gecko (D:3)
  9 orcs (D:3)
  A giant cockroach (D:1)
  3 goblins
  8 hobgoblins
  5 kobolds
  A quokka (D:1)
  4 bats
  3 frilled lizards
  7 rats
52 creatures vanquished.

Vanquished Creatures (others)
  A ball python (D:3)
1 creature vanquished.

Grand Total: 53 creatures vanquished

Notes
Turn   | Place    | Note
-------+----------+-------------------------------------------
     0 | D:1      | wolfsongas the Demonspawn Fighter began the quest for the Orb.
     0 | D:1      | Reached XP level 1. HP: 18/18 MP: 1/1
    98 | D:1      | Reached skill level 2 in Axes
   169 | D:1      | Gained mutation: You regenerate a little health from kills. [demonic ancestry]
   169 | D:1      | Reached XP level 2. HP: 16/24 MP: 2/2
   866 | D:2      | Reached skill level 3 in Axes
   866 | D:2      | Reached XP level 3. HP: 27/29 MP: 3/3
  1568 | D:2      | Gained mutation: You have sharp fingernails. [demonic ancestry]
  1568 | D:2      | Reached XP level 4. HP: 35/35 MP: 4/4
  1679 | D:3      | Found a glowing golden altar of the Shining One.
  1679 | D:3      | Found an iron altar of Okawaru.
  1685 | D:3      | Found a shimmering altar of Xom.
  1692 | D:3      | Found a white marble altar of Elyvilon.
  1694 | D:3      | Found a sacrificial altar of Ru.
  1699 | D:3      | Became a worshipper of Xom of Chaos
  1894 | D:3      | Reached skill level 4 in Axes
  1919 | D:3      | Noticed Terence
  1923 | D:3      | XOM: divination: magic mapping
  1924 | D:3      | Reached skill level 1 in Dodging
  1925 | D:3      | Killed Terence
  1939 | D:3      | Gained mutation: You have very sharp fingernails. [demonic ancestry]
  1939 | D:3      | Reached XP level 5. HP: 34/41 MP: 5/5
  1979 | D:3      | XOM: smoke on damage
  1980 | D:3      | Killed from afar by an orc priest

Vault maps used:
D:1:      sevenhm_arrival_forest_fort_large_4, roderic_roman_lattice,
          kennysheep_small_spiral, minmay_hexomino_p4
D:2:      minmay_tree_intersection
D:3:      minmay_door_path, marbit_many_paths,
          chequers_temple_overflow_minitemple, lemuel_round_altar,
          old_standard_altar, chequers_ecumenical_altar_twisty,
          wad_floor_pattern_untrapped, uniq_terence

Skill      XL: |  1  2  3  4 |
---------------+-------------+-----
Axes           | 2 3 4 |  4.6
Dodging        | 1 |  1.2
Fighting       | |  3.0
Armour         | |  2.6
Shields        | |  2.7

Action                   |  1- 3 |  4- 6 || total
-------------------------+-------+-------++-------
Melee: War axe           |   120 |    57 ||   177
  Use: Scroll            |     6 |     2 ||     8
       Potion            |     3 |     3 ||     6
 Stab: Invisible         |       |     1 ||     1
  Eat: Bread ration      |     1 |       ||     1
Armor: Scale mail        |    67 |    13 ||    80
Dodge: Dodged            |    29 |    16 ||    45
Block: Shield            |    60 |    37 ||    97
       Reflection        |       |     2 ||     2
